 Dungeon Crawl Stone Soup version 0.25.1-1-g288607f5aa (webtiles) character file.

Game seed: 7791721200935121997

21 Descartes the Sneak (level 2, -3/13 HPs)
             Began as a Felid Wanderer on July 28, 2020.
             Slain by an adder (5 damage)
             ... on level 2 of the Dungeon.
             The game lasted 00:01:31 (1275 turns).

Descartes the Sneak (Felid Wanderer)                Turns: 1275, Time: 00:01:32

Health: -3/13      AC:  1    Str:  8    XL:     2   Next: 62%
Magic:  3/3        EV: 17    Int: 13    God:
Gold:   66         SH:  0    Dex: 15    Spells: 1/1 levels left
                                        Lives:  0   Deaths: 0

rFire    . . .     SeeInvis +     - Unarmed
rCold    . . .     Gourm    .   (shield unavailable)
rNeg     . . .     Faith    .   (armour unavailable)
rPois    .         Spirit   .   (helmet unavailable)
rElec    .         Reflect  .   (cloak unavailable)
rCorr    .         Harm     .   (gloves unavailable)
MR       .....                  (boots unavailable)
Stlth    ++++......             (no amulet)
HPRegen  0.04/turn              (no ring)
MPRegen  0.08/turn              (no ring)

@: quick
A: very small, no armour, no weapons or thrown items, stealth, claws 1, fangs 3,
see invisible, carnivore, speed 1, shaggy fur 1, slow metabolism 1, sharp paws
a: no special abilities


You were on level 2 of the Dungeon.
You were full.

You visited 1 branch of the dungeon, and saw 2 of its levels.

You collected 66 gold pieces.

Inventory:

Missiles
 e - 52 stones
Scrolls
 a - a scroll of blinking
 b - a scroll of fear
 d - a scroll of teleportation
 g - a scroll of amnesia {unknown}
 h - a scroll of identify {unknown}
Potions
 c - 2 potions of lignification
 i - a potion of flight {unknown}
Comestibles
 f - 2 rations


   Skills:
 - Level 2.0 Fighting
 + Level 2.1 Dodging
 + Level 5.9 Stealth
 - Level 4.0 Unarmed Combat


You had one spell level left.
You didn't know any spells.
Your spell library was empty.

Dungeon Overview and Level Annotations

Branches:
Dungeon (2/15)

Altars:


Innate Abilities, Weirdness & Mutations

You cannot wear armour.
You are incapable of wielding weapons or throwing items.
Your paws allow you to move quietly. (Stealth)
You have sharp claws.
You have razor-sharp teeth.
You have supernaturally acute eyesight. (SInv)
You are carnivorous and can eat meat at any time.
You cover ground quickly.
You are covered in fur. (AC +1)
You have a slow metabolism.
Your sharp claws are effective at attacking unaware monsters.


Message History

The adder hisses angrily.
You closely miss the adder. The adder closely misses you.
You miss the adder. The adder bites you.
You barely miss the adder. The adder barely misses you.
The adder closely misses you.
You barely miss the adder. The adder bites you.
You scratch the adder.
The adder is moderately wounded.
The adder bites you.
You barely miss the adder.
The adder is moderately wounded.
The adder bites you but does no damage.
You miss the adder.
The adder is moderately wounded.
The adder bites you.
* * * LOW HITPOINT WARNING * * *
You scratch the adder.
The adder is heavily wounded.
The adder bites you.
You die...

#######+#..
..........##
#...........
.#..........#
............#
#..........#
#.......S..#
#.......@..#
#..........#
#..........#
#....(.....#
######.####.#.#
..%......<...>.#
#######.#####..#
#.. <... ###
#.##


You could see an adder.

Vanquished Creatures
  A dart slug (D:1)
  A leopard gecko (D:1)
  2 bats (D:1)
  A giant cockroach (D:1)
  3 goblins (D:1)
  2 hobgoblins (D:1)
  2 jackals (D:1)
  2 kobolds
  A rat (D:1)
15 creatures vanquished.

Notes
Turn   | Place    | Note
-------+----------+-------------------------------------------
     0 | D:1      | Descartes the Felid Wanderer began the quest for the Orb.
     0 | D:1      | Descartes set off with the following items: a scroll of
                  | blinking, a scroll of fear, a potion of lignification, a
                  | scroll of teleportation, a ration
     0 | D:1      | Reached XP level 1. HP: 9/9 MP: 2/2
   171 | D:1      | Reached skill level 1 in Dodging
   434 | D:1      | Reached XP level 2. HP: 13/13 MP: 3/3
  1275 | D:2      | Slain by an adder

Illustrated notes

Levels and vault maps discovered:
D:1:      minmay_arrival_four_circles, layout_basic
D:2:      layout_basic

Skill      XL: |  1  2 |
---------------+-------+-----
Dodging        | 1 2 |  2.1
Fighting       | |  2.0
Stealth        | |  5.9
Unarmed Combat | |  4.0

Action                   || total
-------------------------++-------
Melee: Unarmed           ||    58
       Bite              ||     1
 Stab: Sleeping          ||     3
  Eat: Chunk             ||     5
Armor: Skin              ||     9
Dodge: Dodged            ||    63
